[Event "Jiraskuv memorial B"]
[Site "Rakovnik"]
[Date "2011.08.06"]
[Round "1"]
[White "Hajsman, Martin"]
[Black "Brada, Zdenek"]
[Result "1-0"]
[ECO "A38"]
[WhiteElo "1699"]
[BlackElo "1488"]
[PlyCount "35"]
[EventDate "2011.08.??"]
[EventType "swiss"]
[EventRounds "9"]
[EventCountry "CZE"]
[TimeControl "240+2"]

{16MB, Fritz8.ctg, SACHY-67D9C7985} 1. c4 c5 2. Nc3 Nc6 3. g3 d6 4. Bg2 g6 5.
Nf3 Bg7 6. O-O Nf6 7. d3 O-O 8. Bg5 h6 9. Bd2 d5 10. cxd5 Nxd5 11. Nxd5 Qxd5
12. Qc1 Nd4 13. Nxd4 Qxd4 14. Bxh6 Qe5 15. Be3 Rd8 16. Rb1 e6 17. Qxc5 Qf6 18.
Bg5 1-0

[Event "Jiraskuv memorial B"]
[Site "Rakovnik"]
[Date "2011.08.06"]
[Round "1"]
[White "Sulitka, Oldrich"]
[Black "Zika, Vaclav"]
[Result "1/2-1/2"]
[ECO "A48"]
[WhiteElo "1585"]
[BlackElo "1748"]
[PlyCount "34"]
[EventDate "2011.08.??"]
[EventType "swiss"]
[EventRounds "9"]
[EventCountry "CZE"]
[TimeControl "240+2"]

{16MB, Fritz8.ctg, SACHY-67D9C7985} 1. d4 Nf6 2. Nf3 g6 3. Bg5 Bg7 4. c4 O-O 5.
Nc3 d6 6. e3 c6 7. Bd3 Na6 8. a3 Nc7 9. O-O h6 10. Bh4 d5 11. h3 dxc4 12. Bxc4
Ncd5 13. Ne5 Nxc3 14. bxc3 Nd5 15. Bg3 e6 16. Qc2 Ne7 17. Rad1 Qa5 1/2-1/2

[Event "Jiraskuv memorial B"]
[Site "Rakovnik"]
[Date "2011.08.06"]
[Round "1"]
[White "Jesensky, Jaromir"]
[Black "Pokorny, Tomas"]
[Result "1/2-1/2"]
[ECO "C23"]
[WhiteElo "1553"]
[BlackElo "1703"]
[PlyCount "39"]
[EventDate "2011.08.??"]
[EventType "swiss"]
[EventRounds "9"]
[EventCountry "CZE"]
[TimeControl "240+2"]

{16MB, Fritz8.ctg, SACHY-67D9C7985} 1. e4 e5 2. Bc4 Be7 3. Nc3 Nf6 4. d3 O-O 5.
Nge2 d6 6. O-O Bg4 7. f3 Bd7 8. Ng3 Qc8 9. Bg5 Nc6 10. Qd2 Nd4 11. Nd5 Nxd5 12.
Bxd5 Qd8 13. Bxe7 Qxe7 14. c3 Nc6 15. b4 Nd8 16. f4 c6 17. Bb3 exf4 18. Rxf4
Qg5 19. Raf1 Ne6 20. R4f2 1/2-1/2

[Event "Jiraskuv memorial B"]
[Site "Rakovnik"]
[Date "2011.08.06"]
[Round "1"]
[White "Pribyl, Viktor"]
[Black "Masek, Jan"]
[Result "0-1"]
[ECO "D91"]
[WhiteElo "1250"]
[BlackElo "1670"]
[PlyCount "43"]
[EventDate "2011.08.??"]
[EventType "swiss"]
[EventRounds "9"]
[EventCountry "CZE"]
[TimeControl "240+2"]

{16MB, Fritz8.ctg, SACHY-67D9C7985} 1. d4 Nf6 2. c4 g6 3. Nc3 d5 4. Nf3 Bg7 5.
Bg5 O-O 6. Bxf6 exf6 7. cxd5 c6 8. e4 cxd5 9. exd5 b6 10. Be2 Na6 11. O-O Nc7
12. Bc4 Bb7 13. Qb3 a6 14. Qxb6 Bxd5 15. Bd3 Rb8 16. Qa5 Bxf3 17. gxf3 f5 18.
Ne2 Rxb2 19. Rac1 Ne6 20. d5 Qxa5 21. dxe6 fxe6 22. Ng3 0-1

[Event "Jiraskuv memorial B"]
[Site "Rakovnik"]
[Date "2011.08.06"]
[Round "1"]
[White "Zacek, Petr"]
[Black "Hejda, Vaclav"]
[Result "0-1"]
[ECO "C44"]
[WhiteElo "1608"]
[BlackElo "1825"]
[PlyCount "52"]
[EventDate "2011.08.??"]
[EventType "swiss"]
[EventRounds "9"]
[EventCountry "CZE"]
[TimeControl "240+2"]

{16MB, Fritz8.ctg, SACHY-67D9C7985} 1. e4 e5 2. Nf3 Nc6 3. d4 exd4 4. Bc4 d6 5.
Nxd4 Ne5 6. Bb3 Nf6 7. Nc3 Be7 8. Bg5 a6 9. Qd2 c5 10. Bxf6 Bxf6 11. Nf5 Bxf5
12. exf5 c4 13. Ba4+ b5 14. Nxb5 axb5 15. Bxb5+ Kf8 16. O-O g6 17. Qd5 Ra5 18.
a4 Qb6 19. Rad1 Kg7 20. Rd4 Nf3+ 21. Qxf3 Qxd4 22. Rd1 Qxb2 23. Bxc4 Rxf5 24.
Qc6 Qxc2 25. Rxd6 Qxf2+ 26. Kh1 Qf1+ 0-1

[Event "Jiraskuv memorial B"]
[Site "Rakovnik"]
[Date "2011.08.06"]
[Round "1"]
[White "Mleziva, Miloslav"]
[Black "Pucholt, Martin"]
[Result "1-0"]
[ECO "C48"]
[WhiteElo "1695"]
[BlackElo "1428"]
[PlyCount "99"]
[EventDate "2011.08.??"]
[EventType "swiss"]
[EventRounds "9"]
[EventCountry "CZE"]
[TimeControl "240+2"]

{16MB, Fritz8.ctg, SACHY-67D9C7985} 1. e4 e5 2. Nf3 Nf6 3. Nc3 Nc6 4. Bb5 Nd4
5. O-O Nxb5 6. Nxb5 c6 7. Nc3 d6 8. h3 Be7 9. d4 exd4 10. Qxd4 O-O 11. Bg5 Qb6
12. Qxb6 axb6 13. Rad1 Be6 14. a3 Bc4 15. Rfe1 Rfe8 16. Nd4 c5 17. Nf5 Rad8 18.
Nxe7+ Rxe7 19. e5 Rde8 20. Rxd6 Rxe5 21. Rxe5 Rxe5 22. Bxf6 gxf6 23. Rxb6 Re1+
24. Kh2 Rc1 25. Rxb7 Rxc2 26. Kg3 Rd2 27. Rb6 Kg7 28. Ne4 Rd3+ 29. f3 Be6 30.
Nxc5 Re3 31. Nxe6+ fxe6 32. a4 Re5 33. b4 Re1 34. a5 Kg6 35. a6 e5 36. b5 e4
37. fxe4 Rxe4 38. a7 Ra4 39. Ra6 Rxa6 40. bxa6 Kg7 41. a8=Q Kg6 42. Kf4 Kg7 43.
Qb7+ Kg6 44. g4 h6 45. Qe4+ Kg7 46. Kf5 h5 47. Qe7+ Kh6 48. Qxf6+ Kh7 49. a7 h4
50. Qg6+ 1-0

[Event "Jiraskuv memorial B"]
[Site "Rakovnik"]
[Date "2011.08.06"]
[Round "1"]
[White "Bauer, Ondrej"]
[Black "Koblic, Miroslav"]
[Result "0-1"]
[ECO "B12"]
[WhiteElo "1457"]
[BlackElo "1698"]
[PlyCount "104"]
[EventDate "2011.08.??"]
[EventType "swiss"]
[EventRounds "9"]
[EventCountry "CZE"]
[TimeControl "240+2"]

{16MB, Fritz8.ctg, SACHY-67D9C7985} 1. e4 c6 2. d4 d5 3. f3 e6 4. Nc3 Nf6 5.
Bg5 Be7 6. e5 Nfd7 7. Bxe7 Qxe7 8. f4 g6 9. Nf3 a6 10. g4 c5 11. f5 Nc6 12. f6
Qd8 13. dxc5 Qc7 14. Qe2 Qa5 15. O-O-O Nxc5 16. Qe3 Na4 17. Nxa4 Qxa4 18. Nd4
Nxd4 19. Qxd4 Qxd4 20. Rxd4 Bd7 21. c4 Bc6 22. Bg2 O-O-O 23. cxd5 Bxd5 24. Bxd5
Rxd5 25. Rxd5 exd5 26. Rd1 Rd8 27. Kc2 Kc7 28. Kc3 d4+ 29. Rxd4 Re8 30. Re4 Kc6
31. e6 fxe6 32. f7 Rf8 33. Rxe6+ Kd7 34. Rb6 Kc7 35. Rf6 Kd7 36. Kd4 Ke7 37. g5
Rxf7 38. Rxf7+ Kxf7 39. Kd5 h6 40. Kd6 hxg5 41. Kc7 Kf6 42. Kxb7 Kf5 43. Kxa6
Kg4 44. b4 Kh3 45. b5 Kxh2 46. b6 g4 47. b7 g3 48. b8=Q Kh3 49. Qg8 g2 50. Qxg6
Kh2 51. Kb7 g1=Q 52. Qxg1+ Kxg1 0-1

[Event "Jiraskuv memorial B"]
[Site "Rakovnik"]
[Date "2011.08.06"]
[Round "1"]
[White "Arvanitakis, Panagiotis"]
[Black "Cernouskova, Alena"]
[Result "1-0"]
[ECO "A00"]
[WhiteElo "1497"]
[BlackElo "1702"]
[PlyCount "71"]
[EventDate "2011.08.??"]
[EventType "swiss"]
[EventRounds "9"]
[EventCountry "CZE"]
[TimeControl "240+2"]

{16MB, Fritz8.ctg, SACHY-67D9C7985} 1. c3 d5 2. a3 Bf5 3. b4 g6 4. d4 Bg7 5. g3
Nf6 6. Bg2 O-O 7. e3 Nbd7 8. Ne2 e5 9. O-O Re8 10. Nd2 Nb6 11. Bb2 Bd3 12. Nb3
Bf5 13. dxe5 Ne4 14. f3 Ng5 15. Nbd4 Bd7 16. h4 Nc4 17. Bc1 Ne6 18. f4 c6 19.
e4 Nc7 20. a4 Bg4 21. Qc2 dxe4 22. Qxe4 f6 23. Nxc6 Nd2 24. Bxd2 Qxd2 25. Ncd4
fxe5 26. fxe5 Bxe2 27. Qxe2 Qxc3 28. Nf3 Qxb4 29. Rfb1 Qc5+ 30. Kh1 b6 31. Ng5
Rad8 32. Qa2+ Nd5 33. Rb5 Qd4 34. Rxd5 Rxd5 35. Qxd5+ Qxd5 36. Bxd5+ 1-0

[Event "Jiraskuv memorial B"]
[Site "Rakovnik"]
[Date "2011.08.06"]
[Round "1"]
[White "Veselsky, Jan"]
[Black "Pribylova, Sofie"]
[Result "1-0"]
[ECO "D15"]
[WhiteElo "1650"]
[BlackElo "1250"]
[PlyCount "61"]
[EventDate "2011.08.??"]
[EventType "swiss"]
[EventRounds "9"]
[EventCountry "CZE"]
[TimeControl "180"]

{24MB, Fritz8.ctg, sach1} 1. d4 d5 2. c4 c6 3. Nf3 Nf6 4. Nc3
Bg4 5. Ne5 Nbd7 6. Nxg4 Nxg4 7. e4 Ngf6 8. exd5 cxd5 9. Nxd5 e6 10. Nc3 Bb4 11.
Qb3 Ba5 12. Qxb7 O-O 13. Be2 e5 14. dxe5 Nxe5 15. O-O Nfg4 16. Qe4 Qh4 17. Bxg4
Nxg4 18. h3 Rfe8 19. Qxg4 Qf6 20. Bg5 Qe6 21. Ne4 Qe5 22. Nf6+ Kh8 23. Nxe8
Rxe8 24. Rad1 Bc7 25. Qg3 Qc5 26. Bf4 Bb6 27. Rfe1 Rg8 28. b3 Ba5 29. Re5 Qb6
30. Rb5 Qa6 31. Rb8 1-0

[Event "Jiraskuv memorial B"]
[Site "Rakovnik"]
[Date "2011.08.06"]
[Round "1"]
[White "Sebek, Pavel"]
[Black "Vankova, Veronika"]
[Result "1-0"]
[ECO "C44"]
[WhiteElo "1679"]
[BlackElo "1279"]
[PlyCount "95"]
[EventDate "2011.08.??"]
[EventType "swiss"]
[EventRounds "9"]
[EventCountry "CZE"]
[TimeControl "180"]

{24MB, Fritz8.ctg, sach1} 1. e4 e5 2. Nf3 Nc6 3. c3 Nf6 4. d3 d6 5. h3 Be7 6.
Be2 O-O 7. O-O d5 8. exd5 Nxd5 9. Qc2 Nf4 10. Bxf4 exf4 11. Nbd2 Bg5 12. Ne4 f6
13. Rad1 Bf5 14. Rd2 Qe7 15. Nfxg5 fxg5 16. Bf3 h6 17. Qb3+ Kh7 18. Qxb7 Ne5
19. Kh2 Nxf3+ 20. gxf3 Qd7 21. Nc5 Qd6 22. Qd5 a6 23. Qc4 Qc6 24. Kg2 h5 25.
Rh1 g4 26. hxg4 Bxg4 27. Qe4+ Qxe4 28. Nxe4 Be6 29. Ng5+ Kg6 30. Nxe6 Rf6 31.
Nxc7 Rh8 32. Nd5 Rff8 33. Re2 Kf5 34. Re4 g5 35. Rhe1 h4 36. Kh3 Rd8 37. Re5+
Kg6 38. Ne7+ Kh5 39. d4 Rde8 40. d5 Rd8 41. c4 Rd7 42. c5 Kh6 43. d6 Kg7 44.
Rxg5+ Kf6 45. Rf5+ Kg7 46. Rg1+ Kh6 47. Rg6+ Kh7 48. Rh5# 1-0

[Event "Jiraskuv memorial B"]
[Site "Rakovnik"]
[Date "2011.08.06"]
[Round "1"]
[White "Folbr, Martin"]
[Black "Cizkovsky, Ota"]
[Result "0-1"]
[ECO "A35"]
[WhiteElo "1353"]
[BlackElo "1694"]
[PlyCount "104"]
[EventDate "2011.08.??"]
[EventType "swiss"]
[EventRounds "9"]
[EventCountry "CZE"]
[TimeControl "180"]

{24MB, Fritz8.ctg, sach1} 1. c4 e5 2. Nc3 c5 3. e3 Nc6 4. Nf3 d6 5. d4 cxd4 6.
exd4 exd4 7. Nxd4 Nf6 8. Bg5 Be7 9. Be2 O-O 10. O-O Be6 11. b3 a6 12. Bf3 Rc8
13. Ne4 Ne8 14. Nxe6 fxe6 15. Bg4 Nc7 16. Bxe7 Qxe7 17. Nxd6 Rcd8 18. c5 Nb5
19. Re1 Nxd6 20. Rxe6 Qf7 21. Rxd6 Qxf2+ 22. Kh1 Qxc5 23. Rxd8 Rxd8 24. Qe2 Kh8
25. Re1 Rf8 26. Rf1 Rxf1+ 27. Qxf1 Qe7 28. Bc8 h6 29. h3 Nd4 30. Bf5 Qe5 31.
Bc8 Kh7 32. Bxb7 Ne2 33. Qf3 Ng3+ 34. Kg1 Qe1+ 35. Kh2 Nf1+ 36. Qxf1 Qxf1 37.
a4 a5 38. Be4+ Kg8 39. Kg3 Kf7 40. Bf3 Kf6 41. Kf4 Qd3 42. g4 Qxb3 43. h4 Qxa4+
44. Kg3 Qd4 45. Kg2 a4 46. Kf1 a3 47. g5+ hxg5 48. hxg5+ Kxg5 49. Ke2 a2 50.
Be4 Qxe4+ 51. Kf2 Kg4 52. Kf1 Qc2 0-1

[Event "Jiraskuv memorial B"]
[Site "Rakovnik"]
[Date "2011.08.06"]
[Round "1"]
[White "Rerabkova, Eliska"]
[Black "Zak, Jiri"]
[Result "0-1"]
[ECO "B07"]
[WhiteElo "1250"]
[BlackElo "1627"]
[PlyCount "54"]
[EventDate "2011.08.??"]
[EventType "swiss"]
[EventRounds "9"]
[EventCountry "CZE"]
[TimeControl "180"]

{24MB, Fritz8.ctg, sach1} 1. e4 d6 2. d4 Nf6 3. Nc3 Nbd7 4. d5 e5 5. dxe6 fxe6
6. Bg5 Be7 7. Bxf6 Nxf6 8. Nf3 O-O 9. Bc4 Ne8 10. Nd4 Rf6 11. Qg4 d5 12. exd5
Nd6 13. Nxe6 Bxe6 14. dxe6 Qf8 15. O-O-O Rf4 16. Qe2 Nxc4 17. g3 Rxf2 18. Qxc4
c6 19. Rhf1 h6 20. Ne4 Rf3 21. Rxf3 Qxf3 22. Rf1 Qe3+ 23. Nd2 Rd8 24. Rd1 Rxd2
25. Qf4 Rxd1+ 26. Kxd1 Qxf4 27. gxf4 g6 0-1

[Event "Jiraskuv memorial B"]
[Site "Rakovnik"]
[Date "2011.08.06"]
[Round "1"]
[White "Gruss, Petr"]
[Black "Libosvar, Jan"]
[Result "1-0"]
[ECO "D11"]
[WhiteElo "1724"]
[BlackElo "1554"]
[PlyCount "73"]
[EventDate "2011.08.??"]
[EventType "swiss"]
[EventRounds "9"]
[EventCountry "CZE"]
[TimeControl "180"]

{24MB, Fritz8.ctg, sach1} 1. d4 d5 2. Nf3 Nf6 3. c4 c6 4. e3 Bg4 5. Nc3 e6 6.
a3 h6 7. cxd5 exd5 8. Bd3 Nbd7 9. O-O Bd6 10. h3 Be6 11. Ne2 O-O 12. Ng3 Nb6
13. Bd2 Re8 14. Rc1 Qc7 15. Ne2 Qd8 16. Re1 Rc8 17. b4 Nbd7 18. Rc2 b6 19. Qc1
c5 20. bxc5 bxc5 21. Ba6 Rc6 22. Bb5 Rc8 23. Ba6 Rc6 24. Bb7 Rc7 25. Ba5 Nb6
26. dxc5 Rxb7 27. cxd6 Qxd6 28. Rc6 Qb8 29. Bxb6 Rxb6 30. Ned4 Ne4 31. Nxe6
Rxc6 32. Qxc6 fxe6 33. Rc1 Kf8 34. Nd4 Qe5 35. Qc7 Qf6 36. f3 Ng3 37. Qxg3 1-0

[Event "Jiraskuv memorial B"]
[Site "Rakovnik"]
[Date "2011.08.06"]
[Round "1"]
[White "Hajsman, Ladislav"]
[Black "Rerabek, Jaroslav"]
[Result "1-0"]
[ECO "E94"]
[WhiteElo "1831"]
[BlackElo "1626"]
[PlyCount "69"]
[EventDate "2011.08.??"]
[EventType "swiss"]
[EventRounds "9"]
[EventCountry "CZE"]
[TimeControl "180"]

{24MB, Fritz8.ctg, sach1} 1. d4 Nf6 2. c4 g6 3. Nc3 Bg7 4. e4 d6 5. Nf3 O-O 6.
Be2 Nbd7 7. O-O e5 8. dxe5 dxe5 9. Bg5 c6 10. Qc2 Qc7 11. b4 h6 12. Bh4 Nh5 13.
Rac1 Nf4 14. c5 Nf6 15. Rfd1 Bg4 16. a4 Rfd8 17. Rxd8+ Rxd8 18. b5 Bxf3 19.
Bxf3 Nd3 20. b6 axb6 21. cxb6 Qxb6 22. Rb1 Nb4 23. Qb3 c5 24. Bxf6 Bxf6 25. Nd5
Nxd5 26. exd5 Qxb3 27. Rxb3 Rb8 28. d6 b6 29. a5 Bd8 30. a6 c4 31. Rc3 b5 32.
a7 Ra8 33. Bxa8 Bb6 34. d7 Kf8 35. Bc6 1-0

[Event "Jiraskuv memorial B"]
[Site "Rakovnik"]
[Date "2011.08.06"]
[Round "1"]
[White "Ruzicka, Vaclav"]
[Black "Mitosinka, Boris"]
[Result "1/2-1/2"]
[ECO "A13"]
[WhiteElo "1703"]
[BlackElo "1518"]
[PlyCount "110"]
[EventDate "2011.08.??"]
[EventType "swiss"]
[EventRounds "9"]
[EventCountry "CZE"]
[TimeControl "180"]

{24MB, Fritz8.ctg, sach1} 1. Nf3 Nf6 2. c4 c6 3. g3 e6 4. Bg2 d5 5. cxd5 exd5
6. O-O Be7 7. Qc2 O-O 8. d4 Re8 9. Nc3 Bd6 10. Re1 Bg4 11. h3 Bxf3 12. Bxf3 Qc8
13. Kh2 Nbd7 14. Bg5 h6 15. Bd2 Nf8 16. e4 dxe4 17. Nxe4 Qf5 18. Nxf6+ Qxf6 19.
Qd3 Ng6 20. Kg2 Rad8 21. Rxe8+ Rxe8 22. Be3 Bc7 23. Qb3 Bb6 24. Rd1 Rd8 25. Qb4
Ne7 26. g4 Nd5 27. Qd2 Qd6 28. Bxd5 Qxd5+ 29. f3 Bc7 30. b3 Qd6 31. f4 Qd5+ 32.
Kf2 Rd7 33. Rc1 Bb6 34. Rd1 Rd8 35. f5 Bc7 36. Bf4 Bxf4 37. Qxf4 f6 38. Qe3 Kf7
39. Qc3 Rd7 40. Qc4 Kf8 41. Qxd5 cxd5 42. Rc1 Ke7 43. Re1+ Kd6 44. Re6+ Kc7 45.
Ke3 Rd6 46. Re7+ Rd7 47. Rxd7+ Kxd7 48. h4 Kc6 49. Kd3 a5 50. Kc3 b5 51. b4 a4
52. a3 Kd6 53. Kd3 Ke7 54. Ke3 Kf7 55. Kf4 Ke7 1/2-1/2

[Event "Jiraskuv memorial B"]
[Site "Rakovnik"]
[Date "2011.08.06"]
[Round "1"]
[White "Cerny, Michal"]
[Black "Georgiev, Lukas"]
[Result "1-0"]
[ECO "B85"]
[WhiteElo "1790"]
[BlackElo "1607"]
[PlyCount "59"]
[EventDate "2011.08.??"]
[EventType "swiss"]
[EventRounds "9"]
[EventCountry "CZE"]
[TimeControl "180"]

{24MB, Fritz8.ctg, sach1} 1. e4 c5 2. Nf3 d6 3. d4 cxd4 4. Nxd4 Nf6 5. Nc3 a6
6. Be3 e6 7. a4 Be7 8. Be2 Qc7 9. O-O O-O 10. f4 Nc6 11. f5 e5 12. Nf3 Nb4 13.
Bg5 Qc5+ 14. Kh1 Rd8 15. Bxf6 Bxf6 16. Qd2 d5 17. exd5 Bxf5 18. Nxe5 Bxc2 19.
Nc4 Bg6 20. d6 Bf5 21. Qf4 Be6 22. Ne4 Qc6 23. Nxf6+ gxf6 24. Ra3 Kf8 25. Qxf6
Rxd6 26. Nxd6 Qxd6 27. Qh8+ Ke7 28. Qxa8 Nd5 29. Qxb7+ Nc7 30. Rc3 1-0

[Event "Jiraskuv memorial B"]
[Site "Rakovnik"]
[Date "2011.08.07"]
[Round "2"]
[White "Pokorny, Tomas"]
[Black "Ruzicka, Vaclav"]
[Result "1/2-1/2"]
[ECO "A80"]
[WhiteElo "1703"]
[BlackElo "1703"]
[PlyCount "57"]
[EventDate "2011.08.??"]
[EventType "swiss"]
[EventRounds "9"]
[EventCountry "CZE"]
[TimeControl "240+2"]

{16MB, Fritz8.ctg, SACHY-67D9C7985} 1. d4 f5 2. e3 Nf6 3. Nf3 g6 4. Bc4 d5 5.
Bb3 Bg7 6. c4 c6 7. cxd5 cxd5 8. Nc3 O-O 9. O-O Nc6 10. Ne5 e6 11. f4 Ne4 12.
Qc2 Nxe5 13. fxe5 Bd7 14. Nxe4 fxe4 15. Bd2 Rc8 16. Qd1 Qh4 17. Qe1 Rxf1+ 18.
Qxf1 a6 19. g3 Qe7 20. Rc1 Rf8 21. Qe1 Rc8 22. Rxc8+ Bxc8 23. Qc1 Qd7 24. Bb4
Bf8 25. Ba5 Qc6 26. Qc3 Bd7 27. Bd1 Qxc3 28. Bxc3 b5 29. a3 1/2-1/2

[Event "Jiraskuv memorial B"]
[Site "Rakovnik"]
[Date "2011.08.07"]
[Round "2"]
[White "Hejda, Vaclav"]
[Black "Sebek, Pavel"]
[Result "1-0"]
[ECO "B46"]
[WhiteElo "1825"]
[BlackElo "1679"]
[PlyCount "109"]
[EventDate "2011.08.??"]
[EventType "swiss"]
[EventRounds "9"]
[EventCountry "CZE"]
[TimeControl "180"]

{24MB, Fritz8.ctg, sach1} 1. e4 c5 2. Nf3 Nc6 3. d4 cxd4 4. Nxd4 e6 5. Nc3 a6
6. a3 g6 7. Be3 Bg7 8. Qd2 Qc7 9. Be2 Nge7 10. O-O O-O 11. Rad1 b5 12. Bf3 Bb7
13. Nce2 Rac8 14. Nxc6 Bxc6 15. c3 Qb7 16. Bc5 Rfe8 17. Bxe7 Rxe7 18. Qd6 Rce8
19. Ng3 f6 20. Rfe1 Rf7 21. Re3 Bf8 22. Qd3 Bc5 23. Re2 Rd8 24. Red2 e5 25. b4
Bb6 26. c4 d6 27. Qb3 Bd4 28. Ne2 bxc4 29. Qxc4 Bb5 30. Qb3 Bxe2 31. Bxe2 Kg7
32. Bc4 Rc7 33. Bd5 Qb6 34. g3 Rc3 35. Qa4 Rf3 36. Rf1 Kh6 37. Kg2 Rc3 38. Ra2
Rdc8 39. Qd7 R8c7 40. Qa4 Qb5 41. Qxb5 axb5 42. a4 bxa4 43. Rxa4 Rc2 44. b5 Rb2
45. Bc6 f5 46. exf5 gxf5 47. h3 Kg5 48. Rc4 Ra7 49. h4+ Kf6 50. g4 h6 51. gxf5
Kxf5 52. Kg3 Ra3+ 53. f3 Raa2 54. f4 Rg2+ 55. Bxg2 1-0

[Event "Jiraskuv memorial B"]
[Site "Rakovnik"]
[Date "2011.08.07"]
[Round "2"]
[White "Zak, Jiri"]
[Black "Hajsman, Martin"]
[Result "1/2-1/2"]
[ECO "C02"]
[WhiteElo "1627"]
[BlackElo "1699"]
[PlyCount "47"]
[EventDate "2011.08.??"]
[EventType "swiss"]
[EventRounds "9"]
[EventCountry "CZE"]
[TimeControl "180"]

{24MB, Fritz8.ctg, sach1} 1. e4 e6 2. d4 d5 3. e5 b6 4. Nf3 Ba6 5. Bd3 Bxd3 6.
Qxd3 c5 7. c3 Nc6 8. O-O cxd4 9. cxd4 Nge7 10. Bg5 h6 11. Bxe7 Bxe7 12. Qb5 Rc8
13. Nbd2 O-O 14. Rac1 Nb8 15. a3 Qd7 16. Qb3 Rc7 17. Rc3 Rxc3 18. Qxc3 Rc8 19.
Qd3 Qc6 20. Ne1 Qc1 21. b4 Rc3 22. Nef3 Qb2 23. Qb5 Rc8 24. Nb1 1/2-1/2

[Event "Jiraskuv memorial B"]
[Site "Rakovnik"]
[Date "2011.08.07"]
[Round "2"]
[White "Mleziva, Miloslav"]
[Black "Hajsman, Ladislav"]
[Result "1/2-1/2"]
[ECO "B20"]
[WhiteElo "1695"]
[BlackElo "1831"]
[PlyCount "60"]
[EventDate "2011.08.??"]
[EventType "swiss"]
[EventRounds "9"]
[EventCountry "CZE"]
[TimeControl "180"]

{24MB, Fritz8.ctg, sach1} 1. e4 c5 2. e5 Nc6 3. Nf3 d5 4. exd6 Qxd6 5. Be2 Bf5
6. Nc3 a6 7. a4 Nf6 8. d3 e6 9. Nh4 Bg6 10. Nxg6 hxg6 11. h3 Be7 12. Bg5 Nh5
13. Bxe7 Kxe7 14. Bxh5 Rxh5 15. O-O Ne5 16. Re1 Rah8 17. Qe2 f6 18. Qe4 Qc6 19.
Qxc6 Nxc6 20. Ne4 Nb4 21. Rac1 b6 22. Nc3 g5 23. f3 f5 24. Re2 g4 25. Rce1 gxh3
26. Rxe6+ Kd7 27. Re7+ Kd8 28. Rxg7 hxg2 29. Ree7 Rh1+ 30. Kxg2 f4 1/2-1/2

[Event "Jiraskuv memorial B"]
[Site "Rakovnik"]
[Date "2011.08.07"]
[Round "2"]
[White "Rerabek, Jaroslav"]
[Black "Folbr, Martin"]
[Result "1-0"]
[ECO "B30"]
[WhiteElo "1626"]
[BlackElo "1353"]
[PlyCount "69"]
[EventDate "2011.08.??"]
[EventType "swiss"]
[EventRounds "9"]
[EventCountry "CZE"]
[TimeControl "240+2"]

{1056MB, Fritz8.ctg} 1. e4 c5 2. Nf3 Nc6 3. c3 e6 4. d4 Nf6 5.
Bd3 d5 6. e5 Nh5 7. g4 c4 8. Bc2 f6 9. gxh5 fxe5 10. Nxe5 Bd6 11. Nxc6 bxc6 12.
Qg4 O-O 13. Bh6 Qf6 14. Be3 e5 15. Qe2 Bh3 16. Rg1 Rae8 17. Nd2 exd4 18. cxd4
Bxh2 19. Rh1 c3 20. bxc3 Qd8 21. Rxh2 Rxe3 22. fxe3 Qh4+ 23. Kd1 Qg3 24. Kc1
Bg4 25. Rg2 Bxe2 26. Rxg3 Bxh5 27. Rh3 Bg4 28. Rxh7 g6 29. Rxa7 Re8 30. Rb1 Kf8
31. Bxg6 Rd8 32. Rbb7 Be6 33. Rh7 Bg8 34. Rh8 Rd6 35. Bh7 1-0

[Event "Jiraskuv memorial B"]
[Site "Rakovnik"]
[Date "2011.08.07"]
[Round "2"]
[White "Brada, Zdenek"]
[Black "Rerabkova, Eliska"]
[Result "1-0"]
[ECO "E91"]
[WhiteElo "1488"]
[BlackElo "1250"]
[PlyCount "53"]
[EventDate "2011.08.??"]
[EventType "swiss"]
[EventRounds "9"]
[EventCountry "CZE"]
[TimeControl "240+2"]

{1056MB, Fritz8.ctg} 1. d4 Nf6 2. c4 g6 3. Nc3 Bg7 4. Nf3 O-O 5. e4 d6 6. Be2
Nc6 7. h3 e6 8. Be3 b6 9. O-O Bb7 10. d5 exd5 11. exd5 Ne7 12. Rc1 Re8 13. b3
Nf5 14. Bf4 Ne4 15. Nxe4 Rxe4 16. Bg5 Qe8 17. Bd3 Ne3 18. Bxe3 Rxe3 19. fxe3
Qxe3+ 20. Kh1 Qf4 21. Qd2 Qg3 22. Qf2 Qxf2 23. Rxf2 Re8 24. Re1 Rxe1+ 25. Nxe1
Be5 26. Nf3 Bg3 27. Re2 1-0

[Event "Jiraskuv memorial B"]
[Site "Rakovnik"]
[Date "2011.08.07"]
[Round "2"]
[White "Pucholt, Martin"]
[Black "Redl, Vaclav"]
[Result "1/2-1/2"]
[ECO "C01"]
[WhiteElo "1428"]
[BlackElo "1570"]
[PlyCount "42"]
[EventDate "2011.08.??"]
[EventType "swiss"]
[EventRounds "9"]
[EventCountry "CZE"]
[TimeControl "240+2"]

{1056MB, Fritz8.ctg} 1. e4 e6 2. d4 d5 3. exd5 exd5 4. Bd3 Nf6 5. Bg5 Be7 6.
Nf3 O-O 7. O-O h6 8. Bh4 Bg4 9. Be2 Nbd7 10. Re1 Re8 11. c3 c6 12. Qb3 Qb6 13.
Qxb6 axb6 14. Ne5 Bxe2 15. Rxe2 Nxe5 16. Rxe5 g5 17. Bg3 Ne4 18. a3 Nxg3 19.
hxg3 Bd6 20. Rxe8+ Rxe8 21. Kf1 c5 1/2-1/2

[Event "Jiraskuv memorial B"]
[Site "Rakovnik"]
[Date "2011.08.07"]
[Round "2"]
[White "Vankova, Veronika"]
[Black "Zacek, Petr"]
[Result "1/2-1/2"]
[ECO "B06"]
[WhiteElo "1279"]
[BlackElo "1608"]
[PlyCount "91"]
[EventDate "2011.08.??"]
[EventType "swiss"]
[EventRounds "9"]
[EventCountry "CZE"]
[TimeControl "240+2"]

{1056MB, Fritz8.ctg} 1. e4 g6 2. Nf3 Bg7 3. Be2 d6 4. Nc3 c5 5. b3 Nf6 6. Bb2
Nc6 7. Rb1 O-O 8. Nd5 Nxe4 9. Bxg7 Kxg7 10. d3 Nf6 11. Nxf6 exf6 12. O-O Ne5
13. d4 Nxf3+ 14. Bxf3 Rb8 15. Re1 b6 16. c3 Bb7 17. Bxb7 Rxb7 18. dxc5 bxc5 19.
b4 c4 20. Qd5 Qc7 21. Re4 Rc8 22. Rd4 Rb6 23. a4 Qc6 24. b5 Qxd5 25. Rxd5 a6
26. a5 Rxb5 27. Rdxb5 axb5 28. Rxb5 Ra8 29. Rd5 Ra6 30. Kf1 f5 31. Rb5 Kf6 32.
Rb6 Rxa5 33. Rxd6+ Ke7 34. Rd4 Ra4 35. Ke2 g5 36. Kf3 h5 37. h3 Ke6 38. g4
hxg4+ 39. hxg4 f6 40. Kg3 f4+ 41. Kf3 Ke5 42. Kg2 f5 43. Kf3 Ke6 44. gxf5+ Kxf5
45. Rd5+ Kf6 46. Rd4 1/2-1/2

[Event "Jiraskuv memorial B"]
[Site "Rakovnik"]
[Date "2011.08.07"]
[Round "2"]
[White "Koblic, Miroslav"]
[Black "Veselsky, Jan"]
[Result "1-0"]
[ECO "A03"]
[WhiteElo "1698"]
[BlackElo "1650"]
[PlyCount "101"]
[EventDate "2011.08.??"]
[EventType "swiss"]
[EventRounds "9"]
[EventCountry "CZE"]
[TimeControl "240+2"]

{1056MB, Fritz8.ctg} 1. f4 Nf6 2. Nf3 d5 3. d4 Bg4 4. e3 c5 5. c3 e6 6. Bd3 Nc6
7. O-O Bd6 8. Nbd2 O-O 9. Qe1 Rc8 10. Qh4 Bh5 11. Ne5 Nb8 12. g4 cxd4 13. exd4
g5 14. Qxg5+ Bg6 15. Nxg6 fxg6 16. Rf3 Qc7 17. h4 Be7 18. Bxg6 hxg6 19. Qxg6+
Kh8 20. g5 Nh7 21. Nf1 Qd7 22. Ng3 e5 23. f5 exd4 24. Bf4 Rc6 25. Be5+ Bf6 26.
gxf6 Nxf6 27. Bxd4 Qh7 28. Re1 Qxg6 29. fxg6 Kg8 30. h5 Nbd7 31. h6 Ne4 32.
Rxf8+ Kxf8 33. Nxe4 Rxg6+ 34. Ng3 Rxg3+ 35. Kh2 Rg5 36. Bg7+ Kg8 37. Re8+ Kf7
38. Rd8 Nc5 39. Rf8+ Kg6 40. b4 Ne6 41. Rf6+ Kh7 42. Rxe6 Rf5 43. Kg3 a6 44. a4
Rf7 45. Kg4 Rc7 46. Kg5 Rxc3 47. Bxc3 b5 48. Rxa6 bxa4 49. Ra7+ Kg8 50. Kg6 Kf8
51. h7 1-0

[Event "Jiraskuv memorial B"]
[Site "Rakovnik"]
[Date "2011.08.07"]
[Round "2"]
[White "Georgiev, Lukas"]
[Black "Pribyl, Viktor"]
[Result "1-0"]
[ECO "A03"]
[WhiteElo "1607"]
[BlackElo "1250"]
[PlyCount "75"]
[EventDate "2011.08.??"]
[EventType "swiss"]
[EventRounds "9"]
[EventCountry "CZE"]
[TimeControl "240+2"]

{1056MB, Fritz8.ctg} 1. f4 d5 2. Nf3 c5 3. e3 Nc6 4. d4 Bg4 5. Bb5 e6 6. O-O
Nf6 7. h3 Ne4 8. hxg4 Qd7 9. Ne5 Qc8 10. f5 a6 11. Bxc6+ bxc6 12. Bd2 f6 13.
Nd3 Bd6 14. Nc3 Bb8 15. Nxe4 Qc7 16. Nxf6+ gxf6 17. Nf4 cxd4 18. exd4 e5 19.
Qe1 Kf7 20. dxe5 fxe5 21. Ne6 Ba7+ 22. Kh1 Qd6 23. Qh4 h5 24. g5 Ke8 25. g6 Bb8
26. Qf6 Rf8 27. Ng7+ Kd7 28. Qxd6+ Bxd6 29. Nxh5 Rh8 30. g4 Rab8 31. b3 Rb4 32.
Bxb4 Bxb4 33. Kg2 Bc3 34. Rad1 e4 35. f6 Ke6 36. g7 Rg8 37. f7 Rxg7 38. f8=Q
1-0